 Dungeon Crawl Stone Soup version 0.30-a0-629-gd54f4be4f7 (webtiles) character file.

Game seed: 11784991656655801187

3588 pokeman the Thaumaturge (level 9, -1/49 HPs)
             Began as a Deep Elf Hedge Wizard on Jan 12, 2023.
             Was a Follower of Vehumet.
             Slain by a vampire mosquito (10 damage)
             ... on level 7 of the Dungeon.
             The game lasted 00:21:46 (8192 turns).

pokeman the Thaumaturge (Deep Elf Hedge Wizard)     Turns: 8192, Time: 00:21:47

Health: -1/49      AC:  9    Str: 10    XL:     9   Next: 85%
Magic:  36/45      EV: 12    Int: 24    God:    Vehumet [*.....]
Gold:   547        SH:  5    Dex: 12    Spells: 24/32 levels left

rFire   . . .      SeeInvis +    t - +5 spear of the Beloved God {vamp, rPois MP+9 Str+3 Dex-2}
rCold   . . .      Faith    .    (no shield)
rNeg    . . .      Spirit   .    J - +0 steam dragon scales
rPois   +          Reflect  +    L - +0 helmet
rElec   .          Harm     .    o - +0 cloak
rCorr   .          Rampage  .    m - +0 pair of gloves
Will    .....                    (no boots)
Stlth   ++                       i - amulet of reflection
HPRegen 0.28/turn                I - ring of see invisible
MPRegen 0.29/turn                E - ring of magical power

@: on blink cooldown
A: no striking features
a: Renounce Religion


You were on level 7 of the Dungeon.
You worshipped Vehumet.
Vehumet was aware of your devotion.
You visited 2 branches of the dungeon, and saw 9 of its levels.
You also visited: Sewer.

You collected 547 gold pieces.

Inventory:

Hand Weapons
 t - the +5 spear of the Beloved God (weapon) {vamp, rPois MP+9 Str+3 Dex-2}
   (You found it on level 2 of the Dungeon)

   Str:       It affects your strength (+3).
   Dex:       It affects your dexterity (-2).
   rPois:     It protects you from poison.
   MP:        It affects your magic capacity (+9).
Armour
 m - a +0 pair of gloves (worn)
 o - a +0 cloak (worn)
 A - the +1 robe of Autotheism {rCorr}
   (You found it on level 3 of the Dungeon)

   rCorr:     It protects you from acid and corrosion.
 J - +0 steam dragon scales (worn)
 L - a +0 helmet (worn)
Jewellery
 i - an amulet of reflection (around neck)
 E - a ring of magical power (right hand)
 I - a ring of see invisible (left hand)
Wands
 H - a wand of flame (19)
Scrolls
 b - a scroll of noise {unknown}
 e - 2 scrolls of blinking {unknown}
 f - 2 scrolls of enchant weapon {unknown}
 g - a scroll of immolation {unknown}
 h - 2 scrolls of magic mapping {unknown}
 n - 6 scrolls of identify {unknown}
 q - 3 scrolls of poison {unknown}
 s - 5 scrolls of teleportation {unknown}
 w - 2 scrolls of enchant armour {unknown}
 x - 2 scrolls of vulnerability {unknown}
 y - 2 scrolls of butterflies {unknown}
 z - a scroll of fear {unknown}
 F - 2 scrolls of amnesia {unknown}
Potions
 a - 3 potions of attraction {unknown}
 d - 2 potions of magic
 j - a potion of cancellation {unknown}
 k - 2 potions of might {unknown}
 l - a potion of ambrosia {unknown}
 p - 6 potions of curing {unknown}
 r - a potion of heal wounds
 u - 5 potions of mutation {unknown}
 v - a potion of lignification {unknown}
 B - 2 potions of berserk rage
 C - a potion of haste {unknown}
 D - 2 potions of flight {unknown}
 K - a potion of brilliance {unknown}


   Skills:
 - Level 2.4 Fighting
 - Level 3.0 Armour
 - Level 3.0 Dodging
 - Level 3.1 Stealth
 + Level 2.5 Shields
 * Level 12.3 Spellcasting
 + Level 6.9 Conjurations
 + Level 6.2 Summonings
 - Level 1.1 Translocations
 - Level 1.1 Air Magic
 - Level 1.2 Poison Magic
 - Level 1.1 Evocations


You had 24 spell levels left.
You knew the following spells:

 Your Spells              Type           Power      Damage    Failure   Level
a - Magic Dart            Conj           100%       1d8       1%          1
b - Mephitic Cloud        Conj/Pois/Air  29%        N/A       3%          3
c - Call Imp              Summ           44%        N/A       1%          2
d - Blink                 Tloc           40%        N/A       4%          2

Your spell library contained the following spells:

 Spells                   Type           Power      Damage    Failure   Level
 Freeze                   Ice            56%        1d7       4%          1
 Kiss of Death            Conj/Necr      100%       2d13      1%          1
 Slow                     Hex            56%        N/A       4%          1
 Cigotuvi's Dreadful Rot  Necr/Pois/Air  36%        N/A       4%          2
 Wereblood                Tmut           14%        N/A       6%          2
 Irradiate                Conj/Tmut      15%        3d16      28%         5
 Yara's Violent Unravell  Hex/Tmut       7%         3d5       75%         5
 Fire Storm               Conj/Fire      15%        8d4       100%        9


Dungeon Overview and Level Annotations

Branches:
Dungeon (8/15)             Temple (1/1) D:6           Sewer (visited)
   Lair: D:8-11

Altars:
Cheibriados
Dithmenos
Elyvilon
Fedhas
Gozag
Hepliaklqana
Kikubaaqudgha
Makhleb
Okawaru
Qazlal
Ru
Sif Muna
Trog
Uskayaw
Vehumet
Wu Jian
Xom
Yredelemnul
Zin

Shops:
D:5 (


Message History

The magic dart hits the vampire mosquito.
The vampire mosquito is heavily damaged.
The vampire mosquito barely misses you. The vampire mosquito bites you.
* * * LOW HITPOINT WARNING * * *
The vampire mosquito draws strength from your injuries!
Casting: Magic Dart (safe; 1% risk of failure)
Confirm with . or Enter, or press ? or * to list all spells.
Aiming: Magic Dart (safe; 1% risk of failure)
Press: ? - help, Shift-Dir - straight line, f/p - vampire mosquito
Aim: a vampire mosquito (moderately damaged, 100% to hit)
The magic dart hits the vampire mosquito.
The vampire mosquito is heavily damaged.
The vampire mosquito closely misses you.
The vampire mosquito barely misses you.
Casting: Magic Dart (safe; 1% risk of failure)
Confirm with . or Enter, or press ? or * to list all spells.
You blink.
Unknown command.
Casting: Blink (safe; 4% risk of failure)
Confirm with . or Enter, or press ? or * to list all spells.
A beastly little devil appears in a puff of flame.
The vampire mosquito barely misses you.
Casting: Call Imp (safe; 1% risk of failure)
Confirm with . or Enter, or press ? or * to list all spells.
Aiming: Magic Dart (safe; 1% risk of failure)
Press: ? - help, Shift-Dir - straight line, f/p - vampire mosquito
Aim: a vampire mosquito (heavily damaged, ally target, 100% to hit)
The magic dart hits the vampire mosquito.
The vampire mosquito is heavily damaged.
The vampire mosquito barely misses you. The vampire mosquito misses you.
Your crimson imp blinks!
Casting: Magic Dart (safe; 1% risk of failure)
Confirm with . or Enter, or press ? or * to list all spells.
Aiming: Magic Dart (safe; 1% risk of failure)
Press: ? - help, Shift-Dir - straight line, f/p - vampire mosquito
Aim: a vampire mosquito (heavily damaged, ally target, 100% to hit)
The magic dart hits the vampire mosquito!
The vampire mosquito is severely damaged.
The vampire mosquito bites you!
You die...

########### #.........#
######## #.#.......#
#...5..# #.#.......#
#5####.#
##.###.#########@####5#
.55555.......>.y§#.55.#
##......##.##.####.####
######.##.##.# #.# ##
#.##########.#
.########........###
......##..........##
.######...........[##
## ##........(.....##


You could see a vampire mosquito (ally target) and a friendly crimson imp
(summoned).

Vanquished Creatures
  A deep elf pyromancer (D:7)
  A steam dragon (D:7)
  A vampire mosquito (D:8)
  A water moccasin (D:7)
  Edmund (D:4)
  Pargi (Sewer)
  2 black bears
  2 sky beasts
  An orc warrior (D:7)
  3 ice beasts
  4 ogres
  A kobold brigand (D:6)
  2 bullfrogs
  A gnoll sergeant (D:6)
  4 scorpions
  7 wights
  4 howler monkeys (D:7)
  3 hounds
  A jelly (D:5)
  An orc priest (D:4)
  4 iguanas
  9 gnolls
  5 adders
  A shadow imp (D:5)
  2 ufetubi (D:5)
  8 dart slugs
  7 orcs
  16 bats
  6 endoplasms
  8 giant cockroaches
  14 goblins
  6 hobgoblins
  4 jackals (D:1)
  8 kobolds
  7 quokkas
  12 ball pythons
  4 frilled lizards
  7 rats
170 creatures vanquished.

Vanquished Creatures (collateral kills)
  A giant cockroach (D:4)
1 creature vanquished.

Grand Total: 171 creatures vanquished

Notes
Turn   | Place    | Note
-------+----------+-------------------------------------------
     0 | D:1      | pokeman the Deep Elf Hedge Wizard began the quest for the
                  | Orb.
     0 | D:1      | Reached XP level 1. HP: 10/10 MP: 7/7
   419 | D:1      | Reached XP level 2. HP: 16/16 MP: 1/9
  1041 | D:1      | Reached skill level 5 in Spellcasting
  1062 | D:1      | Reached XP level 3. HP: 10/20 MP: 1/11
  1235 | D:1      | Learned a level 3 spell: Mephitic Cloud
  1238 | D:1      | Learned a level 2 spell: Call Imp
  1241 | D:1      | Learned a level 2 spell: Blink
  1358 | D:1      | Reached skill level 1 in Armour
  1669 | D:2      | Reached skill level 1 in Fighting
  2120 | D:2      | Found a blossoming altar of Fedhas.
  2269 | D:2      | Reached XP level 4. HP: 22/25 MP: 4/13
  2397 | D:2      | Identified the +5 spear of the Beloved God {vamp, rPois
                  | MP+9 Str+3 Dex-2}
  2877 | D:3      | Got Cerebov's Grimoire of Fetid Blows
  3165 | D:3      | Identified the +1 robe of Autotheism {rCorr}
  3263 | D:3      | Found a faded altar of an unknown god.
  3485 | D:4      | Reached skill level 6 in Spellcasting
  3520 | D:4      | Reached XP level 5. HP: 29/29 MP: 15/15
  3540 | D:4      | Noticed Edmund
  3607 | D:4      | Killed Edmund
  3608 | D:4      | Reached skill level 1 in Air Magic
  3608 | D:4      | Reached skill level 1 in Poison Magic
  3646 | D:4      | Found a glowing drain.
  3675 | Sewer    | Entered a sewer
  3759 | Sewer    | Noticed Pargi
  3787 | Sewer    | Killed Pargi
  3788 | Sewer    | Reached skill level 7 in Spellcasting
  3788 | Sewer    | Reached XP level 6. HP: 34/34 MP: 18/18
  3919 | D:4      | Reached XP level 7. HP: 37/39 MP: 10/20
  4408 | D:5      | Entered Level 5 of the Dungeon
  4414 | D:5      | Found Keficep's Weapon Emporium.
  4447 | D:5      | Reached skill level 8 in Spellcasting
  4564 | D:5      | Got the Enchiridion on Shapes
  5042 | D:5      | Reached XP level 8. HP: 36/45 MP: 22/22
  5122 | D:5      | Reached skill level 9 in Spellcasting
  5472 | D:6      | Found a staircase to the Ecumenical Temple.
  5481 | Temple   | Entered the Ecumenical Temple
  5507 | Temple   | Became a worshipper of Vehumet
  5570 | D:6      | Found a shadowy altar of Dithmenos.
  5570 | D:6      | Found a snail-covered altar of Cheibriados.
  5606 | D:6      | Reached skill level 5 in Conjurations
  5721 | D:6      | Reached skill level 10 in Spellcasting
  6275 | D:6      | Reached * piety under Vehumet
  6275 | D:6      | Offered knowledge of Freeze by Vehumet.
  6380 | D:6      | Reached XP level 9. HP: 49/49 MP: 25/25
  6667 | D:6      | Reached skill level 1 in Evocations
  6768 | D:7      | Reached skill level 5 in Summonings
  6797 | D:7      | Reached skill level 11 in Spellcasting
  6808 | D:7      | Reached skill level 1 in Shields
  7473 | D:7      | Noticed a deep elf pyromancer
  7499 | D:7      | Killed a deep elf pyromancer
  7572 | D:7      | Reached skill level 12 in Spellcasting
  7921 | D:8      | HP: 2/49 [vampire mosquito (5)]
  8192 | D:7      | Slain by a vampire mosquito

Illustrated notes

Levels and vault maps discovered:
D:1:      reono_arrival_mine, layout_loops_corners, minmay_misc_feat_pillars
D:2:      layout_loops_cross, basic_altar, supply_closet_lemuel, st_stairs_1,
          kennysheep_generic_room_13
D:3:      layout_basic, hellmonk_ecumenical_altar_inner_sanctum,
          grunt_decor_one_mirror, minmay_bisected
D:4:      layout_loops_ring, gup_sewer_entry_glass, minmay_ogre_servants,
          uniq_edmund
D:5:      layout_rooms, serial_shops, nicolae_shop_bloodbath_and_beyond,
          minmay_bent
D:6:      layout_cave_pods, jmf_multi_god_temple, temple_statues
D:7:      layout_basic, kennysheep_big_empty_room, guppyfry_early_elven_hall
D:8:      layout_gridville, eino_tiny_chamber
Temple:   nicolae_temple_bog_church

Skill      XL: |  1  2  3  4  5  6  7  8  9 |
---------------+----------------------------+-----
Spellcasting   | 5 6 7 8 10 12 | 12.3
Armour         | 1 2 3 |  3.0
Fighting       | 1 2 |  2.4
Conjurations   | 2 3 4 5 6 |  6.9
Dodging        | 3 |  3.0
Stealth        | 3 |  3.1
Air Magic      | 1 |  1.1
Poison Magic   | 1 |  1.2
Summonings     | 2 3 4 6 |  6.2
Evocations     | 1 |  1.1
Shields        | 2 |  2.5
Translocations | |  1.1

Action                   |  1- 3 |  4- 6 |  7- 9 || total
-------------------------+-------+-------+-------++-------
Melee: Dagger            |    29 |       |       ||    29
       Spear             |       |    60 |   154 ||   214
       Punch             |       |       |     1 ||     1
 Cast: Magic Dart        |   122 |    78 |   254 ||   454
       Mephitic Cloud    |       |     6 |    25 ||    31
       Call Imp          |       |     4 |    13 ||    17
       Blink             |       |       |     4 ||     4
Evoke: Wand              |       |       |     5 ||     5
  Use: Potion            |       |       |     1 ||     1
 Stab: Sleeping          |       |     2 |       ||     2
       Confused          |       |     7 |    13 ||    20
       Distracted        |       |       |     1 ||     1
Armor: Robe              |    10 |    17 |    22 ||    49
       Steam dragon scal |       |       |    26 ||    26
Dodge: Dodged            |    34 |    49 |    99 ||   182
Block: Other             |    12 |    26 |    49 ||    87
       Reflection        |       |     1 |       ||     1

Table legend: (Time is in decaauts)
 A = Elapsed time spent in this place.
 B = Non-inter-level travel time spent in this place.
 C = Inter-level travel time spent in this place.
 D = Time resting spent in this place.
 E = Time spent auto-exploring this place.
 F = Levels seen in this place.
 G = Mean time per level.
                   A        B        C        D        E       F      G
               +--------+--------+--------+--------+--------+-----+--------+
         Total |   8213 |   7848 |    365 |    178 |   6079 |  10 |  821.3 |
       Dungeon |   8001 |   7650 |    351 |    178 |   5952 |   8 | 1000.1 |
        Temple |     42 |     28 |     14 |      0 |      9 |   1 |   42.0 |
         Sewer |    170 |    170 |      0 |      0 |    118 |   1 |  170.0 |
               +--------+--------+--------+--------+--------+-----+--------+

Top non-repeatable levels by time:
     D:1: 1641 daAuts
     D:6: 1303 daAuts
     D:7: 1185 daAuts
     D:2: 1042 daAuts
     D:4: 968 daAuts
     D:5: 875 daAuts
     D:3: 654 daAuts
     D:8: 330 daAuts
   Sewer: 170 daAuts
  Temple: 42 daAuts
